 Dungeon Crawl Stone Soup version 0.31-a0-981-geadf994542 (webtiles) character file.

Game seed: 8389035440913414079

2532 Whiskey the Mimic (level 9, -1/61 (62) HPs)
             Began as an Octopode Shapeshifter on Nov 2, 2023.
             Was an Initiate of Gozag.
             Slain by a wight
             ... wielding a +0 war axe
              (13 damage)
             ... on level 7 of the Dungeon.
             The game lasted 00:17:23 (5981 turns).

Whiskey the Mimic (Octopode Shapeshifter)           Turns: 5981, Time: 00:17:24

HP:   -1/61 (62)    AC:  1    Str: 14    XL:     9   Next: 55%
MP:   9/9           EV: 19    Int: 22    God:    Gozag
Gold: 432           SH:  5    Dex: 11    Spells: 8/8 levels left

rFire   . . .        f - +2 dagger (vamp) {!w}
rCold   . . .        (no shield)
rNeg    + + .        (helmet currently unavailable)
rPois   .            d - amulet of reflection
rElec   .            e - ring of positive energy {rN+}
rCorr   .            n - +5 ring of evasion
SInv    .            s - ring of positive energy {rN+}
Will    .....        G - +6 ring of intelligence
Stlth   ++++         (no ring)
HPRegen 0.30/turn    (no ring)
MPRegen 0.11/turn    (no ring)
                     (no ring)

%: reflection
@: beast-form, gold aura, lightly drained
A: beast (slay +4), almost no armour, amphibious, 8 rings, camouflage 1,
gelatinous body 1, (nimble swimmer 1), tentacles
a: Begin Untransformation, Renounce Religion, Potion Petition, Call Merchant,
Bribe Branch


You were on level 7 of the Dungeon.
You worshipped Gozag.
Gozag was aware of your devotion.
You were a hulking beast.
You visited 2 branches of the dungeon, and saw 8 of its levels.

You collected 518 gold pieces.
You paid 86 gold pieces to Gozag.

Inventory:

Hand Weapons
 f - a +2 vampiric dagger (weapon) {!w}
   (You took it off a goblin on level 1 of the Dungeon)
 F - a +4 trident of draining
   (You took it off Jeremiah on level 6 of the Dungeon)
 H - a +1 battleaxe of draining
   (You took it off a wight on level 7 of the Dungeon)
Missiles
 k - 4 darts of dispersal {=f}
Jewellery
 d - an amulet of reflection (around mantle)
   (You found it on level 1 of the Dungeon)
 e - a ring of positive energy (left tentacle) {rN+}
   (You found it on level 1 of the Dungeon)
 n - a +5 ring of evasion (right tentacle)
   (You found it on level 2 of the Dungeon)
 s - a ring of positive energy (on tentacle) {rN+}
   (You found it on level 3 of the Dungeon)
 G - a +6 ring of intelligence (on tentacle)
   (You took it off Jeremiah on level 6 of the Dungeon)
Talismans
 b - a beast talisman (active)
 c - a flux talisman
 h - a flux talisman
   (You found it on level 1 of the Dungeon)
 u - a maw talisman
   (You found it on level 3 of the Dungeon)
Wands
 q - a wand of polymorph (8)
   (You took it off Grinder on level 3 of the Dungeon)
 t - a wand of iceblast (7)
   (You found it on level 3 of the Dungeon)
 y - a wand of acid (8)
   (You found it on level 4 of the Dungeon)
 B - a wand of charming (7)
   (You found it on level 5 of the Dungeon)
Scrolls
 g - 3 scrolls of fear {unknown}
 j - 4 scrolls of noise {unknown}
 l - 2 scrolls of acquirement {unknown}
 m - 6 scrolls of identify {unknown}
 o - 2 scrolls of immolation {unknown}
 p - a scroll of blinking {unknown}
 v - 2 scrolls of amnesia {unknown}
 C - a scroll of teleportation {unknown}
 E - a scroll of enchant armour {unknown}
Potions
 a - 3 potions of lignification {!q}
 i - 2 potions of might {unknown}
 r - 3 potions of curing {unknown}
 w - 2 potions of degeneration {unknown}
 x - 2 potions of heal wounds {unknown}
 z - a potion of resistance {unknown}
 A - a potion of mutation {unknown}
 D - 2 potions of cancellation {unknown}


   Skills:
 + Level 6.1 Fighting
 + Level 3.9 Dodging
 - Level 5.2 Stealth
 + Level 3.1 Unarmed Combat
 * Level 9.4 Shapeshifting


You had 8 spell levels left.
You didn't know any spells.
Your spell library contained the following spells:

 Spells                   Type           Power      Damage    Failure   Level
 Ensorcelled Hibernation  Hex/Ice        0%         N/A       26%         2
 Lesser Beckoning         Tloc           0%         N/A       26%         2
 Passwall                 Tmut/Erth      0%         N/A       26%         2
 Dazzling Flash           Conj/Hex       0%         N/A       45%         3
 Gell's Gravitas          Tloc           0%         N/A       45%         3
 Swiftness                Air            0%         N/A       45%         3
 Teleport Other           Tloc           0%         N/A       45%         3
 Tukima's Dance           Hex            0%         N/A       45%         3
 Dimensional Bullseye     Hex/Tloc       0%         N/A       86%         4
 Iskenderun's Mystic Bla  Conj/Tloc      0%         2d3       86%         4
 Agony                    Necr           0%         N/A       99%         5
 Silence                  Hex/Air        0%         N/A       99%         5


Dungeon Overview and Level Annotations

Branches:
Dungeon (7/15)             Temple (1/1) D:6

Altars:
Ashenzari
Cheibriados
Dithmenos
Elyvilon
Fedhas
Gozag
Hepliaklqana
Kikubaaqudgha
Makhleb
Nemelex Xobeh
Okawaru
Qazlal
Ru
Sif Muna
Trog
Uskayaw
Vehumet
Wu Jian
Xom
Yredelemnul
Zin
The Shining One

Shops:
D:3 [   D:5 (


Innate Abilities, Weirdness & Mutations

You are a hulking beast.
Your limbs bulge with bestial killing power. (Slay +4)
You cannot wear most types of armour.
You are amphibious.
You can wear up to eight rings at the same time.
Your skin changes colour to match your surroundings (Stealth+).
Your rubbery body absorbs attacks. (AC +1, EV +1)
((You are camouflaged when in or above water. (Stealth+)))
You have tentacles for arms and can constrict up to eight enemies at once.


Message History

The wight hits you with a +0 battleaxe.
You take 3 damage, and have 41/62 hp.
You hit the wight but do no damage. You constrict the wight.
The wight misses you. x2
You hit the wight but do no damage. You constrict the wight.
The wight completely misses you. The wight misses you.
You barely miss the wight. You constrict the wight.
You destroy the wight!
The wight closely misses you.
You hit the wight. You grab the wight.
You constrict the wight, but do no damage.
You block the wight's attack.
You completely miss the wight.
You constrict the wight, but do no damage.
You block the wight's attack.
You hit the wight but do no damage. You squeeze the wight!
You constrict the wight. You block the wight's attack.
You hit the wight.
You constrict the wight, but do no damage.
The wight misses you.
You hit the wight.
You destroy the wight!
No target in view!
No target in view!
You now have 421 gold pieces (gained 8).
Things that are here:
a +0 battleaxe; a +0 robe You now have 426 gold pieces (gained 5).
H - a +1 battleaxe of draining You see here a +0 robe.
You now have 432 gold pieces (gained 6).
Things that are here:
a +0 halberd; a +0 robe A wight comes into view.
It is wielding a +4 falchion.
You regained 15 hp, and now have 61/62 hp.
A wight comes into view. It is wielding a +0 war axe.
A wight comes into view. It is wielding a +0 short sword.
Health restored: 62
Found 14 gold pieces.
Found a stone staircase leading down.
You closely miss the wight. Your grab misses the wight.
Your squeeze misses the wight. The wight hits you with a +4 falchion!
You take 10 damage, and have 52/62 hp.
You hit the wight. You grab the wight.
You constrict the wight, but do no damage.
The wight misses you. The wight hits you with a +4 falchion!
You take 12 damage, and have 40/62 hp.
You hit the wight. Your squeeze misses the wight. You constrict the wight.
You block the wight's attack. The wight hits you with a +4 falchion!
You take 15 damage, and have 25/62 hp.
MASSIVE DAMAGE!!
You are too injured to fight recklessly!
You are too injured to fight recklessly!
You are too injured to fight recklessly!
You are too injured to fight recklessly!
You are too injured to fight recklessly!
You are too injured to fight recklessly!
You are too injured to fight recklessly!
You are too injured to fight recklessly!
You are too injured to fight recklessly!
You are too injured to fight recklessly!
You are too injured to fight recklessly!
You hit the wight. You tentacle-slap the wight.
You destroy the wight!
The wight hits you with a +4 falchion. You partially resist.
You feel drained.
Your life force feels restored.
You take 2 damage, and have 23/62 hp.
The wight attacks as it pursues you! The wight misses you.
The wight attacks as it pursues you! The wight barely misses you.
The wight attacks as it pursues you! The wight closely misses you.
You hit the wight but do no damage. Your grab misses the wight.
The wight misses you.
You barely miss the wight. You grab the wight. You constrict the wight.
The wight closely misses you.
You hit the wight but do no damage. You constrict the wight.
The wight hits you with a +4 falchion! You partially resist.
You feel drained.
You take 8 damage, and have 21/60 hp.
You hit the wight. You constrict the wight. The wight barely misses you.
You puncture the wight!
You destroy the wight!
Your life force feels restored.
You closely miss the wight. Your grab misses the wight.
You squeeze the wight, but do no damage.
The wight hits you with a +0 war axe!
* * * LOW HITPOINT WARNING * * *
You partially resist.
You feel drained.
You take 10 damage, and have 11/61 hp.
You barely miss the wight. You grab the wight.
You constrict the wight, but do no damage.
The wight completely misses you.
You hit the wight. You constrict the wight.
The wight is distracted by your dazzling golden aura.
You hit the wight but do no damage.
The wight is no longer distracted by gold.
You squeeze the wight. You constrict the wight.
The wight completely misses you.
You puncture the wight!
You squeeze the wight, but do no damage.
You constrict the wight, but do no damage.
The wight hits you with a +0 war axe!
You die...
Your body crumbles into a pile of gold.

.. #..#
# ##.##
#..#
##.#
#.##
#..#
##.#
#z##
##h#
#.##
#..#
##.#
#.##
#..#
##.#
#.##
#..####
#


You could see a wight.

Vanquished Creatures
  Jeremiah (D:6)
  Grinder (D:3)
  Sigmund (D:5)
  Menkaure (D:5)
  Duvessa (D:6)
  2 black bears
  An ogre (D:6)
  A centaur (D:6)
  A phantom (D:4)
  A kobold brigand (D:7)
  2 bullfrogs (D:7)
  2 scorpions
  5 wights (D:7)
  Dowan (D:6)
  3 hounds
  3 jellies
  2 orc priests (D:7)
  3 iguanas
  Jessica (D:2)
  Natasha (twice) (D:2)
  2 orc wizards (D:7)
  Robin (D:2)
  4 adders
  2 ufetubi (D:7)
  3 worms
  4 dart slugs
  26 orcs
  11 bats
  6 endoplasms
  A giant cockroach (D:2)
  12 goblins
  13 hobgoblins
  4 jackals (D:1)
  8 quokkas
  9 ball pythons
  2 frilled lizards
  15 kobolds
  5 rats
163 creatures vanquished.

Notes
Turn   | Place    | Note
-------+----------+-------------------------------------------
     0 | D:1      | Whiskey the Octopode Shapeshifter began the quest for the
                  | Orb.
     0 | D:1      | Reached XP level 1. HP: 13/13 MP: 1/1
   154 | D:1      | Reached XP level 2. HP: 18/18 MP: 2/2
   654 | D:1      | Reached XP level 3. HP: 18/23 MP: 3/3
   695 | D:1      | Reached skill level 4 in Shapeshifting
  1060 | D:2      | Noticed Natasha
  1061 | D:2      | Noticed Robin
  1077 | D:2      | HP: 5/23 [goblin/+0 dagger[Robin] (2)]
  1082 | D:2      | Killed Natasha
  1083 | D:2      | Reached XP level 4. HP: 13/28 MP: 4/4
  1100 | D:2      | Killed Robin
  1266 | D:2      | Noticed Jessica
  1275 | D:2      | Killed Jessica
  1276 | D:2      | Reached skill level 1 in Stealth
  1276 | D:2      | Reached skill level 5 in Shapeshifting
  1276 | D:2      | Reached XP level 5. HP: 33/33 MP: 5/5
  1290 | D:2      | Noticed Natasha
  1296 | D:2      | Killed Natasha
  1692 | D:3      | Noticed Grinder
  1707 | D:3      | Paralysed by Grinder for 4 turns
  1717 | D:3      | Paralysed by Grinder for 5 turns
  1729 | D:3      | Killed Grinder
  1730 | D:3      | Reached skill level 2 in Fighting
  1730 | D:3      | Reached skill level 3 in Stealth
  1730 | D:3      | Reached XP level 6. HP: 41/41 MP: 6/6
  1927 | D:3      | Found Jatada Zaac's Antique Armour Boutique.
  1973 | D:3      | Reached skill level 6 in Shapeshifting
  2245 | D:3      | Found a sacrificial altar of Ru.
  2388 | D:3      | Found a faded altar of an unknown god.
  2612 | D:3      | Reached XP level 7. HP: 45/45 MP: 7/7
  2628 | D:4      | Reached skill level 3 in Fighting
  2628 | D:4      | Reached skill level 4 in Stealth
  2842 | D:4      | Found a snail-covered altar of Cheibriados.
  3370 | D:4      | Reached skill level 5 in Stealth
  3370 | D:4      | Reached skill level 7 in Shapeshifting
  3370 | D:4      | Reached XP level 8. HP: 36/54 MP: 8/8
  3631 | D:5      | Entered Level 5 of the Dungeon
  3665 | D:5      | Noticed Menkaure
  3670 | D:5      | Killed Menkaure
  3671 | D:5      | Reached skill level 4 in Fighting
  3713 | D:5      | Noticed Sigmund
  3762 | D:5      | Killed Sigmund
  3800 | D:5      | Found a radiant altar of Vehumet.
  3801 | D:5      | Found an ornate altar of the Wu Jian Council.
  3828 | D:5      | Found Geqimo's Antique Weapon Boutique.
  4216 | D:6      | Noticed Dowan
  4230 | D:6      | Noticed Duvessa
  4235 | D:6      | Killed Dowan
  4242 | D:6      | Killed Duvessa
  4243 | D:6      | Reached skill level 8 in Shapeshifting
  4487 | D:6      | Reached skill level 5 in Fighting
  4636 | D:6      | Noticed Jeremiah
  5116 | D:6      | Found a staircase to the Ecumenical Temple.
  5129 | Temple   | Entered the Ecumenical Temple
  5151 | Temple   | Became a worshipper of Gozag Ym Sagoz the Greedy
  5273 | D:6      | Killed Jeremiah
  5274 | D:6      | Reached skill level 3 in Dodging
  5274 | D:6      | Reached XP level 9. HP: 60/61 MP: 9/9
  5368 | D:7      | Reached skill level 9 in Shapeshifting
  5874 | D:7      | Reached skill level 6 in Fighting
  5977 | D:7      | HP: 11/62 [wight/+0 war axe (11)]
  5981 | D:7      | Slain by a wight

Illustrated notes

Levels and vault maps discovered:
D:1:      amcnicky_arrival_wind_blow, layout_basic, roderic_lattice_a
D:2:      layout_loops_cross, uniq_jessica, uniq_natasha, uniq_robin
D:3:      layout_basic, lemuel_tele_altar, serial_shops,
          nicolae_shop_tiny_real_fake_doors, dilly_ecumenical_altar_fadedgnrine,
          uniq_grinder
D:4:      layout_loops_cross, kennysheep_slug_shrine, serial_bayou,
          serial_bayou_crossing, serial_bayou_lagoon_b, serial_bayou_shore_a,
          serial_bayou_pond_c
D:5:      layout_rooms, nicolae_overflow_two_pavilions, serial_shops,
          nicolae_take_the_stairs, uniq_menkaure, uniq_sigmund
D:6:      layout_basic, minmay_temple_entry_butterflies, uniq_duvessa,
          uniq_jeremiah
D:7:      layout_cave_pods
Temple:   eino_narrow_crystal_temple

Skill      XL: |  1  2  3  4  5  6  7  8  9 |
---------------+----------------------------+-----
Shapeshifting  | 4 5 6 7 8 9 |  9.4
Stealth        | 1 3 5 |  5.2
Fighting       | 2 3 5 6 |  6.1
Dodging        | 3 |  3.9
Unarmed Combat | |  3.1

Action                     |  1- 3 |  4- 6 |  7- 9 || total
---------------------------+-------+-------+-------++-------
  Melee: Unarmed           |    63 |     7 |       ||    70
         Tentacles         |    11 |    24 |    53 ||    88
         Constrict         |    13 |    28 |    49 ||    90
         Punch             |     2 |     2 |     8 ||    12
         Dagger            |     3 |    93 |   208 ||   304
   Stab: Sleeping          |     5 |     8 |     7 ||    20
         Distracted        |       |       |     1 ||     1
 Armour: Skin              |    29 |    31 |    80 ||   140
  Dodge: Dodged            |    35 |    32 |   138 ||   205
  Block: Other             |     5 |    11 |    44 ||    60
   Form: Beast             |       |     2 |       ||     2
         Flux              |       |     1 |       ||     1
         Maw               |       |     1 |       ||     1

Table legend: (Time is in decaauts)
 A = Elapsed time spent in this place.
 B = Non-inter-level travel time spent in this place.
 C = Inter-level travel time spent in this place.
 D = Time resting spent in this place.
 E = Time spent auto-exploring this place.
 F = Levels seen in this place.
 G = Mean time per level.
                   A        B        C        D        E       F      G
               +--------+--------+--------+--------+--------+-----+--------+
         Total |   5975 |   5725 |    250 |    236 |   4378 |   8 |  746.9 |
       Dungeon |   5937 |   5701 |    236 |    236 |   4378 |   7 |  848.1 |
        Temple |     37 |     23 |     14 |      0 |      0 |   1 |   37.0 |
               +--------+--------+--------+--------+--------+-----+--------+

Top non-repeatable levels by time:
     D:6: 1063 daAuts
     D:4: 1034 daAuts
     D:1: 977 daAuts
     D:3: 904 daAuts
     D:2: 709 daAuts
     D:7: 679 daAuts
     D:5: 569 daAuts
  Temple: 37 daAuts

Levels and vault maps discovered:
D:1:      amcnicky_arrival_wind_blow, layout_basic, roderic_lattice_a
D:2:      layout_loops_cross, uniq_jessica, uniq_natasha, uniq_robin
D:3:      layout_basic, lemuel_tele_altar, serial_shops,
          nicolae_shop_tiny_real_fake_doors, dilly_ecumenical_altar_fadedgnrine,
          uniq_grinder
D:4:      layout_loops_cross, kennysheep_slug_shrine, serial_bayou,
          serial_bayou_crossing, serial_bayou_lagoon_b, serial_bayou_shore_a,
          serial_bayou_pond_c
D:5:      layout_rooms, nicolae_overflow_two_pavilions, serial_shops,
          nicolae_take_the_stairs, uniq_menkaure, uniq_sigmund
D:6:      layout_basic, minmay_temple_entry_butterflies, uniq_duvessa,
          uniq_jeremiah
D:7:      layout_cave_pods
Temple:   eino_narrow_crystal_temple

Table legend: (Time is in decaauts)
 A = Elapsed time spent in this place.
 B = Non-inter-level travel time spent in this place.
 C = Inter-level travel time spent in this place.
 D = Time resting spent in this place.
 E = Time spent auto-exploring this place.
 F = Levels seen in this place.
 G = Mean time per level.
                   A        B        C        D        E       F      G
               +--------+--------+--------+--------+--------+-----+--------+
         Total |   5975 |   5725 |    250 |    236 |   4378 |   8 |  746.9 |
       Dungeon |   5937 |   5701 |    236 |    236 |   4378 |   7 |  848.1 |
        Temple |     37 |     23 |     14 |      0 |      0 |   1 |   37.0 |
               +--------+--------+--------+--------+--------+-----+--------+

Top non-repeatable levels by time:
     D:6: 1063 daAuts
     D:4: 1034 daAuts
     D:1: 977 daAuts
     D:3: 904 daAuts
     D:2: 709 daAuts
     D:7: 679 daAuts
     D:5: 569 daAuts
  Temple: 37 daAuts

Table legend:
 A = Kills in this place as a percentage of kills in the entire game.
 B = Kills by you in this place as a percentage of kills by you in the entire game.
 C = Kills by friends in this place as a percentage of kills by friends in the entire game.
 D = Other kills in this place as a percentage of other kills in the entire game.
 E = Experience gained in this place as a percentage of experience gained in the entire game.
 F = Experience gained in this place divided by the number of levels of this place that you have seen.
                   A       B       C       D       E      F
               +-------+-------+-------+-------+-------+----------------------
         Total | 100.0 | 100.0 |   N/A |   N/A | 100.0 | 452.2
       Dungeon | 100.0 | 100.0 |   N/A |   N/A | 100.0 | 516.9
               +-------+-------+-------+-------+-------+----------------------
